Capitals vs Oilers

Created - May 9, 2022 at 22:12

Goals
1 2 3 T
Capitals 1 4 0 5
Oilers 0 1 2 3
Shots
1 2 3 T
Capitals 11 21 9 41
Oilers 11 12 10 33

1st period

1. Capitals , Patrick Kane 24 (Cody Hodgson 28, Alexei Marchenko 16) at 13:09

Penalties :
Alex Galchenyuk (Edm) for Interference (Minor) at 14:01, Joe Thornton (Was) for Hooking (Minor) at 14:07

2nd period

2. Oilers , Evander Kane 42 (Connor McDavid 36, Jussi Jokinen 30) at 0:18
3. Capitals , Alexander Radulov 19 (Nikita Zaitsev 12) at 5:49
4. Capitals , Cody Hodgson 22 (Patrick Kane 26, Joe Thornton 36) at 10:44
5. Capitals , Brad Richardson 11 (Alexander Radulov 20, Patrick Sharp 5) at 14:42
6. Capitals , Joe Thornton 15 (Cody Hodgson 29, Nikita Zaitsev 13) at 18:09 (PP)

Penalties :
Darnell Nurse (Edm) for Elbowing (Minor) at 1:18, Alex Galchenyuk (Edm) for Hooking (Minor) at 16:25

3rd period

7. Oilers , Yanni Gourde 9 (Dustin Brown 8) at 8:20
8. Oilers , Connor McDavid 30 (Evander Kane 51, Jussi Jokinen 31) at 8:51

Penalties :
Evander Kane (Edm) for Hooking (Minor) at 4:21, Wayne Simmonds (Was) for Holding (Minor) at 18:20

Goalie Stats

Chet Pickard (Was), 30 saves from 33 shots - (0.909), W, 11-3-2, 60:00 minutes
James Reimer (Edm), 36 saves from 41 shots - (0.878), L, 28-19-6, 60:00 minutes

Players Stats for Capitals

Player Name              G  A  P  +/- PIM S  H  SB GA TA FO     MP     PP MP  PK MP  
------------------------------------------------------------------------------------
Alexander Radulov        1  1  2   0  0   3  2  0  0  0  0/1    11:18   0:00   0:00 
Alexei Marchenko         0  1  1   2  0   2  0  1  0  0  0/0    18:23   0:00   1:01 
Blake Pietila            0  0  0   0  0   0  1  0  1  0  0/2    15:23   1:52   0:22 
Brad Richardson          1  0  1   0  0   3  2  0  1  0  2/6    11:57   0:00   0:20 
Cameron Gaunce           0  0  0   2  0   0  3  1  1  1  0/0    21:15   1:42   0:50 
Cody Hodgson             1  2  3   1  0   2  1  0  2  1  12/34  20:53   3:56   0:24 
Jared Spurgeon           0  0  0   0  0   1  0  3  0  0  0/0    14:03   0:00   0:00 
Jason Spezza             0  0  0   0  0   2  2  1  1  0  0/1    16:11   3:56   0:24 
Joe Thornton             1  1  2   1  2   3  2  0  1  0  0/1    19:16   3:55   0:00 
Jujhar Khaira            0  0  0   0  0   2  1  0  0  0  0/1    11:05   0:00   0:00 
Logan Couture            0  0  0   0  0   3  2  0  0  1  7/12   16:05   1:52   1:01 
Nikita Zaitsev           0  2  2  -1  0   2  2  1  0  2  0/0    24:42   4:06   0:55 
Patrick Kane             1  1  2   1  0   8  1  0  0  1  1/1    20:45   1:52   0:59 
Patrick Sharp            0  1  1   0  0   2  0  0  1  1  1/1    11:18   0:00   0:00 
Sergey Kalinin           0  0  0   0  0   2  3  0  0  0  5/7    11:05   0:00   0:00 
Trevor Daley             0  0  0   0  0   0  4  2  1  1  0/0    17:06   1:42   0:00 
Victor Hedman            0  0  0  -1  0   2  1  2  0  0  0/0    24:31   4:06   0:44 
Wayne Simmonds           0  0  0   0  2   4  0  1  0  0  1/1    11:04   0:00   0:00 

Players Stats for Oilers

Player Name              G  A  P  +/- PIM S  H  SB GA TA FO     MP     PP MP  PK MP  
------------------------------------------------------------------------------------
Alex Galchenyuk          0  0  0  -3  4   1  2  0  0  0  0/0    16:40   0:57   1:40 
Cam Barker               0  0  0   0  0   1  2  1  0  3  0/0    23:11   0:47   2:27 
Connor McDavid           1  1  2   1  0   6  2  1  1  0  16/29  22:38   0:57   2:58 
Darnell Nurse            0  0  0   0  2   2  1  1  0  0  0/0    20:35   0:41   1:56 
Duncan Keith             0  0  0  -1  0   0  0  1  0  2  0/0    13:03   0:00   0:12 
Dustin Brown             0  1  1   1  0   0  0  0  0  0  0/0     6:40   0:00   0:00 
Evander Kane             1  1  2   1  2   4  2  3  2  0  4/4    19:39   0:51   0:00 
Jake Gardiner            0  0  0  -1  0   5  1  1  0  2  0/0    27:53   1:04   3:21 
Jussi Jokinen            0  2  2   1  0   1  0  1  3  0  0/2    21:10   0:00   3:02 
Leon Draisaitl           0  0  0   0  0   5  2  0  0  0  0/1    15:21   0:54   1:06 
Maxim Lapierre           0  0  0   0  0   1  0  0  0  1  7/10   13:37   0:00   0:58 
Nail Yakupov             0  0  0   0  0   0  0  1  0  0  2/2    11:00   0:00   0:00 
Rasmus Ristolainen       0  0  0   1  0   1  0  3  1  0  0/0    19:59   0:58   2:53 
Ryan Nugent-Hopkins      0  0  0  -3  0   2  0  1  0  0  10/16  17:19   0:48   1:52 
Ted Purcell              0  0  0   1  0   0  3  0  0  1  0/0     6:40   0:00   0:00 
Tobias Enstrom           0  0  0  -1  0   0  2  1  0  0  0/0    15:49   0:00   0:47 
Tyler Toffoli            0  0  0  -3  0   2  2  0  1  0  0/0    14:21   0:48   0:00 
Yanni Gourde             1  0  1   1  0   2  1  0  0  0  0/4     6:40   0:00   0:00 

3 Stars

1 - Cody Hodgson (Was)
2 - Patrick Kane (Was)
3 - Alexander Radulov (Was)

Power Play

Capitals - 1 on 4 Attempt(s) - 25.00%
Oilers - 0 on 2 Attempt(s) - 0.00%

Penalty Kill

Capitals - 2 on 2 Attempt(s) - 100.00% - Score 0 goal in Penalty Kill
Oilers - 3 on 4 Attempt(s) - 75.00% - Score 0 goal in Penalty Kill

Team Stat

Capitals - Hits : 27 - Faceoff Wins : 29 - Blocked Shots : 12 - Penalty Minutes : 4
Oilers - Hits : 20 - Faceoff Wins : 39 - Blocked Shots : 15 - Penalty Minutes : 8

Official

Referees : Dean Morton and Brad Meier
Linesman : Brad Kovachik and Ryan Gibbons

Game Notes

No Game Note

Finance

Level 1 -- Attendance: 5792 (96.53%) -- Ticket Income $579,200
Level 2 -- Attendance: 5000 (100.00%) -- Ticket Income $300,000
Level 3 -- Attendance: 1816 (90.80%) -- Ticket Income $63,560
Level 4 -- Attendance: 3924 (98.10%) -- Ticket Income $98,100
Luxury Box -- Attendance: 915 (91.50%) -- Ticket Income $183,000
Game was played at the Rodgers Place.
Total Attendance: 17447 (96.93%)
Total Ticket Income: $1,223,860
Other Income: $183,579
Total Income: $1,407,439

Capitals

5 vs 5 Forward 
   Center                   Left Wing                Right Wing               Time % Phy DF OF 
 1 Cody Hodgson             Joe Thornton             Patrick Kane             35     0   1  4  
 2 Logan Couture            Blake Pietila            Jason Spezza             25     0   2  3  
 3 Brad Richardson          Patrick Sharp            Alexander Radulov        20     0   2  3  
 4 Sergey Kalinin           Jujhar Khaira            Wayne Simmonds           20     0   3  2  

5 vs 5 Defense 
   Defense                  Defense                                           Time % Phy DF OF 
 1 Victor Hedman            Nikita Zaitsev                                    35     0   3  2  
 2 Alexei Marchenko         Cameron Gaunce                                    35     0   4  1  
 3 Trevor Daley             Jared Spurgeon                                    25     0   4  1  
 4 Victor Hedman            Nikita Zaitsev                                    5      0   3  2  

PowerPlay Forward 
   Center                   Left Wing                Right Wing               Time % Phy DF OF 
 1 Cody Hodgson             Joe Thornton             Jason Spezza             60     0   1  4  
 2 Logan Couture            Blake Pietila            Patrick Kane             40     0   1  4  

PowerPlay Defense
   Defense                  Defense                                           Time % Phy DF OF 
 1 Nikita Zaitsev           Victor Hedman                                     60     0   2  3  
 2 Cameron Gaunce           Trevor Daley                                      40     0   2  3  

Penalty Kill 4 Players Forward 
   Center                   Wing                     Time % Phy DF OF 
 1 Logan Couture            Patrick Kane             60     0   4  1  
 2 Cody Hodgson             Jason Spezza             40     0   4  1  

Penalty Kill 4 Players Defense
   Defense                  Defense                  Time % Phy DF OF 
 1 Nikita Zaitsev           Alexei Marchenko         60     0   4  1  
 2 Victor Hedman            Cameron Gaunce           40     0   4  1  

Penalty Kill - 3 Players Forward 
   Forward                                           Time % Phy DF OF 
 1 Logan Couture                                     60     0   5  0  
 2 Patrick Kane                                      40     0   5  0  

Penalty Kill - 3 Players Defense
   Defense                  Defense                  Time % Phy DF OF 
 1 Nikita Zaitsev           Alexei Marchenko         60     0   5  0  
 2 Victor Hedman            Trevor Daley             40     0   5  0  

4 vs 4 Forward 
   Center                   Wing                     Time % Phy DF OF 
 1 Cody Hodgson             Patrick Kane             60     0   2  3  
 2 Logan Couture            Jason Spezza             40     0   2  3  

4 vs 4 Defense
   Defense                  Defense                  Time % Phy DF OF 
 1 Nikita Zaitsev           Victor Hedman            60     0   2  3  
 2 Cameron Gaunce           Alexei Marchenko         40     0   2  3  

Last Minutes Offensive
   Center                   Left Wing                Right Wing               Defense                  Defense                  
   Cody Hodgson             Patrick Kane             Jason Spezza             Nikita Zaitsev           Victor Hedman            

Last Minutes Defensive
   Center                   Left Wing                Right Wing               Defense                  Defense                  
   Logan Couture            Jujhar Khaira            Jason Spezza             Alexei Marchenko         Victor Hedman            

Goaltenders
Starting : Chet Pickard             
Backup : Cory Schneider           

Extra Forwards
Normal : Patrick Kane, Jason Spezza, Logan Couture - PP : Patrick Kane, Jason Spezza - PK : Patrick Kane
Extra Defensemen
Normal : Victor Hedman, Nikita Zaitsev, Alexei Marchenko - PP : Victor Hedman - PK : Nikita Zaitsev, Alexei Marchenko
Penalty Shots
Jason Spezza, Cody Hodgson, Patrick Kane, Alexander Radulov, Victor Hedman

Scratches
Brian Ferlin (Healthy), Mark Stone (Healthy), Martins Karsums (Healthy)

Oilers

5 vs 5 Forward 
   Center                   Left Wing                Right Wing               Time % Phy DF OF 
 1 Connor McDavid           Jussi Jokinen            Evander Kane             40     1   2  2  
 2 Ryan Nugent-Hopkins      Alex Galchenyuk          Tyler Toffoli            30     1   2  2  
 3 Maxim Lapierre           Leon Draisaitl           Nail Yakupov             20     1   2  2  
 4 Yanni Gourde             Ted Purcell              Dustin Brown             10     1   2  2  

5 vs 5 Defense 
   Defense                  Defense                                           Time % Phy DF OF 
 1 Jake Gardiner            Cam Barker                                        40     1   2  2  
 2 Darnell Nurse            Rasmus Ristolainen                                30     1   2  2  
 3 Tobias Enstrom           Duncan Keith                                      20     1   2  2  
 4 Jake Gardiner            Tobias Enstrom                                    10     1   2  2  

PowerPlay Forward 
   Center                   Left Wing                Right Wing               Time % Phy DF OF 
 1 Connor McDavid           Alex Galchenyuk          Evander Kane             60     1   2  2  
 2 Ryan Nugent-Hopkins      Leon Draisaitl           Tyler Toffoli            40     1   2  2  

PowerPlay Defense
   Defense                  Defense                                           Time % Phy DF OF 
 1 Jake Gardiner            Rasmus Ristolainen                                60     1   2  2  
 2 Darnell Nurse            Cam Barker                                        40     1   2  2  

Penalty Kill 4 Players Forward 
   Center                   Wing                     Time % Phy DF OF 
 1 Connor McDavid           Jussi Jokinen            60     1   2  2  
 2 Ryan Nugent-Hopkins      Alex Galchenyuk          40     1   2  2  

Penalty Kill 4 Players Defense
   Defense                  Defense                  Time % Phy DF OF 
 1 Jake Gardiner            Darnell Nurse            60     1   2  2  
 2 Cam Barker               Rasmus Ristolainen       40     1   2  2  

Penalty Kill - 3 Players Forward 
   Forward                                           Time % Phy DF OF 
 1 Connor McDavid                                    60     1   2  2  
 2 Ryan Nugent-Hopkins                               40     1   2  2  

Penalty Kill - 3 Players Defense
   Defense                  Defense                  Time % Phy DF OF 
 1 Jake Gardiner            Cam Barker               60     1   2  2  
 2 Darnell Nurse            Rasmus Ristolainen       40     1   2  2  

4 vs 4 Forward 
   Center                   Wing                     Time % Phy DF OF 
 1 Connor McDavid           Alex Galchenyuk          60     1   2  2  
 2 Ryan Nugent-Hopkins      Jussi Jokinen            40     1   2  2  

4 vs 4 Defense
   Defense                  Defense                  Time % Phy DF OF 
 1 Jake Gardiner            Cam Barker               60     1   2  2  
 2 Darnell Nurse            Rasmus Ristolainen       40     1   2  2  

Last Minutes Offensive
   Center                   Left Wing                Right Wing               Defense                  Defense                  
   Connor McDavid           Alex Galchenyuk          Evander Kane             Jake Gardiner            Cam Barker               

Last Minutes Defensive
   Center                   Left Wing                Right Wing               Defense                  Defense                  
   Connor McDavid           Alex Galchenyuk          Evander Kane             Jake Gardiner            Cam Barker               

Goaltenders
Starting : James Reimer             
Backup : Jonas Hiller             

Extra Forwards
Normal : Connor McDavid, Leon Draisaitl, Ryan Nugent-Hopkins - PP : Connor McDavid, Leon Draisaitl - PK : Connor McDavid
Extra Defensemen
Normal : Rasmus Ristolainen, Tobias Enstrom, Duncan Keith - PP : Rasmus Ristolainen - PK : Rasmus Ristolainen, Tobias Enstrom
Penalty Shots
Evander Kane, Alex Galchenyuk, Tyler Toffoli, Jussi Jokinen, Connor McDavid

Scratches
Andy Rogers (Healthy), Jordan Caron (Healthy)

% Time on Ice - Capitals

Lines # - Real PCT - Wanted PCT - Time Play
Normal Forward
1 - 30% - 35% - 15:21
2 - 25% - 25% - 12:50
3 - 22% - 20% - 11:18
4 - 22% - 20% - 11:05
Normal Defense
1 - 35% - 35% - 17:28
2 - 36% - 35% - 18:01
3 - 28% - 25% - 14:03
4 - 2% - 5% - 1:02
PP Forward
1 - 68% - 60% - 3:56
2 - 32% - 40% - 1:52
PP Defense
1 - 71% - 60% - 4:06
2 - 29% - 40% - 1:42
PK Forward
1 - 77% - 60% - 1:21
2 - 23% - 40% - 0:24
PK Defense
1 - 52% - 60% - 0:55
2 - 48% - 40% - 0:50
PK3 Forward
1 - 0% - 60%
2 - 0% - 40%
PK3 Defense
1 - 0% - 60%
2 - 0% - 40%
44 Forward
1 - 81% - 60% - 1:31
2 - 19% - 40% - 0:22
44 Defense
1 - 63% - 60% - 1:11
2 - 37% - 40% - 0:42
Last Minute Offensive  - 0:00
Last Minute Defensive  - 0:00
Total
Forward - 60:00
Defense - 60:00

% Time on Ice - Oilers

Lines # - Real PCT - Wanted PCT - Time Play
Normal Forward
1 - 37% - 40% - 18:50
2 - 28% - 30% - 14:04
3 - 22% - 20% - 11:00
4 - 13% - 10% - 6:40
Normal Defense
1 - 40% - 40% - 20:10
2 - 30% - 30% - 15:22
3 - 24% - 20% - 12:20
4 - 5% - 10% - 2:42
PP Forward
1 - 54% - 60% - 0:57
2 - 46% - 40% - 0:48
PP Defense
1 - 61% - 60% - 1:04
2 - 39% - 40% - 0:41
PK Forward
1 - 68% - 60% - 3:56
2 - 32% - 40% - 1:52
PK Defense
1 - 61% - 60% - 3:33
2 - 39% - 40% - 2:15
PK3 Forward
1 - 0% - 60%
2 - 0% - 40%
PK3 Defense
1 - 0% - 60%
2 - 0% - 40%
44 Forward
1 - 100% - 60% - 1:53
2 - 0% - 40% - 0:00
44 Defense
1 - 59% - 60% - 1:07
2 - 41% - 40% - 0:46
Last Minute Offensive  - 0:00
Last Minute Defensive  - 0:00
Total
Forward - 60:00
Defense - 60:00

Play-by-Play

1st period


0:01 of 1st period - Connor McDavid wins face-off versus Cody Hodgson in neutral zone.
0:14 of 1st period - Wrist shot by Jussi Jokinen.
0:14 of 1st period - Shot Blocked by Nikita Zaitsev.
0:16 of 1st period - Slapshot by Jake Gardiner.
0:16 of 1st period - Stopped by Chet Pickard without a rebound.
0:17 of 1st period - Logan Couture wins face-off versus Ryan Nugent-Hopkins in Capitals zone.
0:22 of 1st period - Ryan Nugent-Hopkins is hit by Jason Spezza and loses puck.
0:51 of 1st period - Slapshot by Maxim Lapierre.
0:51 of 1st period - Stopped by Chet Pickard with a rebound.
1:13 of 1st period - Icing by Wayne Simmonds.
1:14 of 1st period - Sergey Kalinin wins face-off versus Yanni Gourde in Capitals zone.
1:41 of 1st period - Slapshot by Patrick Kane.
1:41 of 1st period - Shot Misses the Net.
1:43 of 1st period - Wrist shot by Joe Thornton.
1:43 of 1st period - Shot Misses the Net.
1:45 of 1st period - Slapshot by Jared Spurgeon.
1:45 of 1st period - Stopped by James Reimer with a rebound.
1:47 of 1st period - Snap shot by Jared Spurgeon.
1:47 of 1st period - Deflect By Patrick Kane.
1:47 of 1st period - Shot Blocked by Jussi Jokinen.
1:47 of 1st period - Puck is out of play.
1:48 of 1st period - Ryan Nugent-Hopkins wins face-off versus Blake Pietila in Oilers zone.
2:03 of 1st period - Wrist shot by Tyler Toffoli.
2:03 of 1st period - Stopped by Chet Pickard with a rebound.
2:15 of 1st period - Nikita Zaitsev is hit by Leon Draisaitl and loses puck.
2:44 of 1st period - Snap shot by Alexander Radulov.
2:44 of 1st period - Shot Blocked by Evander Kane.
2:46 of 1st period - Slapshot by Trevor Daley.
2:46 of 1st period - Shot Blocked by Tobias Enstrom.
2:48 of 1st period - Backhand shot by Jared Spurgeon.
2:48 of 1st period - Deflect By Patrick Sharp.
2:48 of 1st period - Shot Blocked by Evander Kane.
2:48 of 1st period - Puck is out of play.
2:49 of 1st period - Ryan Nugent-Hopkins wins face-off versus Cody Hodgson in Oilers zone.
2:58 of 1st period - Snap shot by Tyler Toffoli.
2:58 of 1st period - Stopped by Chet Pickard with a rebound.
3:47 of 1st period - Snap shot by Maxim Lapierre.
3:47 of 1st period - Shot Blocked by Wayne Simmonds.
4:58 of 1st period - Wrist shot by Leon Draisaitl.
4:58 of 1st period - Stopped by Chet Pickard with a rebound.
5:20 of 1st period - Off-side.
5:21 of 1st period - Brad Richardson wins face-off versus Yanni Gourde in neutral zone.
5:24 of 1st period - Slapshot by Victor Hedman.
5:24 of 1st period - Deflect By Jake Gardiner.
5:24 of 1st period - Stopped by James Reimer without a rebound.
5:25 of 1st period - Brad Richardson wins face-off versus Yanni Gourde in Oilers zone.
5:51 of 1st period - Brad Richardson is hit by Ted Purcell.
6:09 of 1st period - Snap shot by Jake Gardiner.
6:09 of 1st period - Stopped by Chet Pickard without a rebound.
6:10 of 1st period - Cody Hodgson wins face-off versus Connor McDavid in Capitals zone.
6:22 of 1st period - Snap shot by Evander Kane.
6:22 of 1st period - Shot Misses the Net.
6:24 of 1st period - Wrist shot by Connor McDavid.
6:24 of 1st period - Stopped by Chet Pickard with a rebound.
7:08 of 1st period - Maxim Lapierre is hit by Victor Hedman.
7:38 of 1st period - Blake Pietila is hit by Yanni Gourde and loses puck.
8:18 of 1st period - Patrick Kane is hit by Tobias Enstrom and loses puck.
8:28 of 1st period - Icing by Victor Hedman.
8:29 of 1st period - Connor McDavid wins face-off versus Cody Hodgson in Capitals zone.
8:38 of 1st period - Wrist shot by Patrick Kane.
8:38 of 1st period - Shot Misses the Net.
9:06 of 1st period - Snap shot by Ryan Nugent-Hopkins.
9:06 of 1st period - Stopped by Chet Pickard with a rebound.
9:43 of 1st period - Snap shot by Alexander Radulov.
9:43 of 1st period - Shot Blocked by Darnell Nurse.
10:12 of 1st period - Icing by Patrick Kane.
10:13 of 1st period - Logan Couture wins face-off versus Yanni Gourde in Capitals zone.
10:44 of 1st period - Wrist shot by Evander Kane.
10:44 of 1st period - Stopped by Chet Pickard with a rebound.
10:46 of 1st period - Snap shot by Connor McDavid.
10:46 of 1st period - Deflect By Jussi Jokinen.
10:46 of 1st period - Deflect By Cameron Gaunce.
10:46 of 1st period - Shot Blocked by Cameron Gaunce.
10:46 of 1st period - Puck is out of play.
10:47 of 1st period - Connor McDavid wins face-off versus Cody Hodgson in Capitals zone.
11:02 of 1st period - Slapshot by Cody Hodgson.
11:02 of 1st period - Stopped by James Reimer without a rebound.
11:03 of 1st period - Wayne Simmonds wins face-off versus Ryan Nugent-Hopkins in Oilers zone.
11:33 of 1st period - Slapshot by Joe Thornton.
11:33 of 1st period - Stopped by James Reimer with a rebound.
11:35 of 1st period - Slapshot by Jared Spurgeon.
11:35 of 1st period - Shot Blocked by Jake Gardiner.
11:37 of 1st period - Slapshot by Patrick Kane.
11:37 of 1st period - Stopped by James Reimer without a rebound.
11:38 of 1st period - Ryan Nugent-Hopkins wins face-off versus Cody Hodgson in Oilers zone.
11:55 of 1st period - Patrick Kane is hit by Alex Galchenyuk.
12:05 of 1st period - Duncan Keith is hit by Blake Pietila and loses puck.
12:12 of 1st period - Snap shot by Logan Couture.
12:12 of 1st period - Stopped by James Reimer without a rebound.
12:13 of 1st period - Logan Couture wins face-off versus Connor McDavid in Oilers zone.
12:32 of 1st period - Jason Spezza is hit by Evander Kane and loses puck.
12:47 of 1st period - Snap shot by Patrick Kane.
12:47 of 1st period - Stopped by James Reimer without a rebound.
12:48 of 1st period - Ryan Nugent-Hopkins wins face-off versus Cody Hodgson in Oilers zone.
12:48 of 1st period - Ryan Nugent-Hopkins is hit by Patrick Kane.
12:56 of 1st period - Cameron Gaunce is hit by Tyler Toffoli and loses puck.
13:09 of 1st period - Backhand shot by Patrick Kane.
13:09 of 1st period - Deflect By Ryan Nugent-Hopkins.
13:09 of 1st period - Goal by Patrick Kane - Capitals : 1 - Oilers : 0.
13:10 of 1st period - Connor McDavid wins face-off versus Brad Richardson in neutral zone.
14:01 of 1st period - Minor Penalty to Alex Galchenyuk for Interference.
14:02 of 1st period - Connor McDavid wins face-off versus Cody Hodgson in Oilers zone.
14:07 of 1st period - Minor Penalty to Joe Thornton for Hooking.
14:08 of 1st period - Cody Hodgson wins face-off versus Connor McDavid in Capitals zone.
14:15 of 1st period - Slapshot by Patrick Kane.
14:15 of 1st period - Shot Misses the Net.
14:17 of 1st period - Snap shot by Nikita Zaitsev.
14:17 of 1st period - Deflect By Patrick Kane.
14:17 of 1st period - Stopped by James Reimer without a rebound.
14:18 of 1st period - Connor McDavid wins face-off versus Cody Hodgson in Oilers zone.
14:25 of 1st period - Patrick Kane is hit by Cam Barker and loses puck.
14:33 of 1st period - Snap shot by Cody Hodgson.
14:33 of 1st period - Shot Misses the Net.
14:35 of 1st period - Snap shot by Patrick Kane.
14:35 of 1st period - Stopped by James Reimer without a rebound.
14:36 of 1st period - Cody Hodgson wins face-off versus Connor McDavid in Oilers zone.
14:37 of 1st period - Wrist shot by Patrick Kane.
14:37 of 1st period - Shot Blocked by Cam Barker.
14:43 of 1st period - Nikita Zaitsev is hit by Jake Gardiner and loses puck.
15:31 of 1st period - Slapshot by Logan Couture.
15:31 of 1st period - Shot Blocked by Ryan Nugent-Hopkins.
15:53 of 1st period - Snap shot by Brad Richardson.
15:53 of 1st period - Stopped by James Reimer with a rebound.
16:01 of 1st period - Penalty to Alex Galchenyuk is over, Alex Galchenyuk is back on ice.
16:07 of 1st period - Penalty to Joe Thornton is over, Joe Thornton is back on ice.
16:15 of 1st period - Ted Purcell is hit by Cameron Gaunce and loses puck.
16:32 of 1st period - Wrist shot by Jake Gardiner.
16:32 of 1st period - Shot Blocked by Jared Spurgeon.
16:34 of 1st period - Wrist shot by Cam Barker.
16:34 of 1st period - Stopped by Chet Pickard with a rebound.
16:36 of 1st period - Wrist shot by Alex Galchenyuk.
16:36 of 1st period - Shot Blocked by Trevor Daley.
16:52 of 1st period - Duncan Keith is hit by Logan Couture.
17:10 of 1st period - Trevor Daley is hit by Tobias Enstrom and loses puck.
17:25 of 1st period - Wayne Simmonds is hit by Tyler Toffoli and loses puck.
18:04 of 1st period - Darnell Nurse is hit by Jason Spezza.
18:14 of 1st period - Evander Kane is hit by Sergey Kalinin.
18:26 of 1st period - Cam Barker is hit by Trevor Daley and loses puck.
18:45 of 1st period - Wrist shot by Jake Gardiner.
18:45 of 1st period - Stopped by Chet Pickard without a rebound.
18:46 of 1st period - Logan Couture wins face-off versus Maxim Lapierre in Capitals zone.
18:57 of 1st period - Snap shot by Blake Pietila.
18:57 of 1st period - Deflect By Logan Couture.
18:57 of 1st period - Shot Misses the Net.
18:57 of 1st period - Puck is out of play.
18:58 of 1st period - Patrick Kane wins face-off versus Connor McDavid in Oilers zone.
19:13 of 1st period - Snap shot by Patrick Kane.
19:13 of 1st period - Shot Hit the Post.
19:15 of 1st period - Slapshot by Victor Hedman.
19:15 of 1st period - Shot Blocked by Connor McDavid.
19:29 of 1st period - Darnell Nurse is hit by Brad Richardson and loses puck.
19:35 of 1st period - Icing by Alex Galchenyuk.
19:36 of 1st period - Ryan Nugent-Hopkins wins face-off versus Cody Hodgson in Oilers zone.
Goals for this period are 1 for Capitals vs 0 for Oilers.
Shots for this period are 11 for Capitals vs 11 for Oilers.

2nd period


0:01 of 2nd period - Connor McDavid wins face-off versus Cody Hodgson in neutral zone.
0:04 of 2nd period - Snap shot by Evander Kane.
0:04 of 2nd period - Stopped by Chet Pickard with a rebound.
0:06 of 2nd period - Slapshot by Jake Gardiner.
0:06 of 2nd period - Stopped by Chet Pickard without a rebound.
0:07 of 2nd period - Cody Hodgson wins face-off versus Connor McDavid in Capitals zone.
0:18 of 2nd period - Slapshot by Evander Kane.
0:18 of 2nd period - Goal by Evander Kane - Capitals : 1 - Oilers : 1.
0:19 of 2nd period - Cody Hodgson wins face-off versus Connor McDavid in neutral zone.
0:55 of 2nd period - Slapshot by Jason Spezza.
0:55 of 2nd period - Stopped by James Reimer without a rebound.
0:56 of 2nd period - Ryan Nugent-Hopkins wins face-off versus Jason Spezza in Oilers zone.
0:56 of 2nd period - Ryan Nugent-Hopkins is hit by Nikita Zaitsev.
1:02 of 2nd period - Slapshot by Rasmus Ristolainen.
1:02 of 2nd period - Shot Blocked by Victor Hedman.
1:10 of 2nd period - Snap shot by Blake Pietila.
1:10 of 2nd period - Shot Blocked by Rasmus Ristolainen.
1:12 of 2nd period - Slapshot by Nikita Zaitsev.
1:12 of 2nd period - Deflect By Tyler Toffoli.
1:12 of 2nd period - Stopped by James Reimer with a rebound.
1:18 of 2nd period - Minor Penalty to Darnell Nurse for Elbowing.
1:19 of 2nd period - Cody Hodgson wins face-off versus Connor McDavid in Oilers zone.
3:18 of 2nd period - Penalty to Darnell Nurse is over, Darnell Nurse is back on ice.
3:34 of 2nd period - Snap shot by Alex Galchenyuk.
3:34 of 2nd period - Shot Misses the Net.
3:36 of 2nd period - Wrist shot by Darnell Nurse.
3:36 of 2nd period - Shot Misses the Net.
3:38 of 2nd period - Snap shot by Darnell Nurse.
3:38 of 2nd period - Stopped by Chet Pickard with a rebound.
3:48 of 2nd period - Wrist shot by Darnell Nurse.
3:48 of 2nd period - Stopped by Chet Pickard without a rebound.
3:49 of 2nd period - Nail Yakupov wins face-off versus Sergey Kalinin in Capitals zone.
4:16 of 2nd period - Jason Spezza is hit by Ted Purcell and loses puck.
4:33 of 2nd period - Slapshot by Alexander Radulov.
4:33 of 2nd period - Stopped by James Reimer with a rebound.
4:35 of 2nd period - Slapshot by Patrick Sharp.
4:35 of 2nd period - Stopped by James Reimer with a rebound.
4:37 of 2nd period - Wrist shot by Alexander Radulov.
4:37 of 2nd period - Stopped by James Reimer with a rebound.
4:39 of 2nd period - Wrist shot by Alexei Marchenko.
4:39 of 2nd period - Deflect By Jussi Jokinen.
4:39 of 2nd period - Stopped by James Reimer with a rebound.
5:29 of 2nd period - Snap shot by Evander Kane.
5:29 of 2nd period - Shot Blocked by Jared Spurgeon.
5:31 of 2nd period - Wrist shot by Evander Kane.
5:31 of 2nd period - Shot Misses the Net.
5:43 of 2nd period - Snap shot by Alexander Radulov.
5:43 of 2nd period - Shot Misses the Net.
5:49 of 2nd period - Wrist shot by Alexander Radulov.
5:49 of 2nd period - Goal by Alexander Radulov - Capitals : 2 - Oilers : 1.
5:50 of 2nd period - Cody Hodgson wins face-off versus Connor McDavid in neutral zone.
6:05 of 2nd period - Wrist shot by Evander Kane.
6:05 of 2nd period - Stopped by Chet Pickard with a rebound.
6:07 of 2nd period - Snap shot by Connor McDavid.
6:07 of 2nd period - Stopped by Chet Pickard with a rebound.
6:19 of 2nd period - Wrist shot by Leon Draisaitl.
6:19 of 2nd period - Shot Misses the Net.
6:38 of 2nd period - Icing by Victor Hedman.
6:39 of 2nd period - Logan Couture wins face-off versus Ryan Nugent-Hopkins in Capitals zone.
7:15 of 2nd period - Snap shot by Brad Richardson.
7:15 of 2nd period - Stopped by James Reimer without a rebound.
7:16 of 2nd period - Logan Couture wins face-off versus Maxim Lapierre in Oilers zone.
7:17 of 2nd period - Wrist shot by Jason Spezza.
7:17 of 2nd period - Stopped by James Reimer without a rebound.
7:18 of 2nd period - Nail Yakupov wins face-off versus Logan Couture in Oilers zone.
7:29 of 2nd period - Slapshot by Alexei Marchenko.
7:29 of 2nd period - Shot Misses the Net.
7:43 of 2nd period - Leon Draisaitl is hit by Sergey Kalinin and loses puck.
8:24 of 2nd period - Leon Draisaitl is hit by Alexander Radulov and loses puck.
9:41 of 2nd period - Patrick Sharp is hit by Connor McDavid and loses puck.
9:48 of 2nd period - Wrist shot by Jussi Jokinen.
9:48 of 2nd period - Shot Misses the Net.
9:50 of 2nd period - Slapshot by Darnell Nurse.
9:50 of 2nd period - Shot Misses the Net.
10:25 of 2nd period - Jussi Jokinen is hit by Jujhar Khaira and loses puck.
10:30 of 2nd period - Snap shot by Wayne Simmonds.
10:30 of 2nd period - Shot Misses the Net.
10:32 of 2nd period - Snap shot by Sergey Kalinin.
10:32 of 2nd period - Stopped by James Reimer without a rebound.
10:33 of 2nd period - Ryan Nugent-Hopkins wins face-off versus Cody Hodgson in Oilers zone.
10:44 of 2nd period - Wrist shot by Cody Hodgson.
10:44 of 2nd period - Goal by Cody Hodgson - Capitals : 3 - Oilers : 1.
10:45 of 2nd period - Connor McDavid wins face-off versus Cody Hodgson in neutral zone.
11:13 of 2nd period - Tyler Toffoli is hit by Sergey Kalinin and loses puck.
11:26 of 2nd period - Wrist shot by Alex Galchenyuk.
11:26 of 2nd period - Stopped by Chet Pickard without a rebound.
11:27 of 2nd period - Maxim Lapierre wins face-off versus Cody Hodgson in Capitals zone.
11:32 of 2nd period - Slapshot by Jake Gardiner.
11:32 of 2nd period - Shot Misses the Net.
11:35 of 2nd period - Icing by Jared Spurgeon.
11:36 of 2nd period - Maxim Lapierre wins face-off versus Joe Thornton in Capitals zone.
11:37 of 2nd period - Wrist shot by Leon Draisaitl.
11:37 of 2nd period - Stopped by Chet Pickard with a rebound.
12:07 of 2nd period - Snap shot by Joe Thornton.
12:07 of 2nd period - Stopped by James Reimer without a rebound.
12:08 of 2nd period - Connor McDavid wins face-off versus Blake Pietila in Oilers zone.
13:31 of 2nd period - Wrist shot by Connor McDavid.
13:31 of 2nd period - Shot Misses the Net.
13:49 of 2nd period - Snap shot by Leon Draisaitl.
13:49 of 2nd period - Stopped by Chet Pickard without a rebound.
13:50 of 2nd period - Maxim Lapierre wins face-off versus Logan Couture in Capitals zone.
13:57 of 2nd period - Jason Spezza is hit by Leon Draisaitl and loses puck.
14:36 of 2nd period - Slapshot by Nikita Zaitsev.
14:36 of 2nd period - Stopped by James Reimer with a rebound.
14:38 of 2nd period - Slapshot by Patrick Sharp.
14:38 of 2nd period - Stopped by James Reimer with a rebound.
14:40 of 2nd period - Snap shot by Alexander Radulov.
14:40 of 2nd period - Shot Misses the Net.
14:42 of 2nd period - Snap shot by Brad Richardson.
14:42 of 2nd period - Goal by Brad Richardson - Capitals : 4 - Oilers : 1.
14:43 of 2nd period - Evander Kane wins face-off versus Cody Hodgson in neutral zone.
14:46 of 2nd period - Patrick Kane is hit by Evander Kane.
15:09 of 2nd period - Jake Gardiner is hit by Cameron Gaunce and loses puck.
15:22 of 2nd period - Snap shot by Logan Couture.
15:22 of 2nd period - Stopped by James Reimer with a rebound.
15:38 of 2nd period - Snap shot by Leon Draisaitl.
15:38 of 2nd period - Shot Blocked by Victor Hedman.
15:40 of 2nd period - Slapshot by Cam Barker.
15:40 of 2nd period - Deflect By Nail Yakupov.
15:40 of 2nd period - Shot Misses the Net.
15:40 of 2nd period - Puck is out of play.
15:41 of 2nd period - Cody Hodgson wins face-off versus Connor McDavid in Capitals zone.
16:08 of 2nd period - Evander Kane is hit by Trevor Daley and loses puck.
16:21 of 2nd period - Wrist shot by Jason Spezza.
16:21 of 2nd period - Deflect By Logan Couture.
16:21 of 2nd period - Stopped by James Reimer without a rebound.
16:22 of 2nd period - Ryan Nugent-Hopkins wins face-off versus Cody Hodgson in Oilers zone.
16:22 of 2nd period - Ryan Nugent-Hopkins is hit by Joe Thornton.
16:25 of 2nd period - Minor Penalty to Alex Galchenyuk for Hooking.
16:26 of 2nd period - Cody Hodgson wins face-off versus Jussi Jokinen in Oilers zone.
17:14 of 2nd period - Snap shot by Jason Spezza.
17:14 of 2nd period - Shot Blocked by Rasmus Ristolainen.
18:09 of 2nd period - Snap shot by Joe Thornton.
18:09 of 2nd period - Goal by Joe Thornton - Capitals : 5 - Oilers : 1.
18:10 of 2nd period - Connor McDavid wins face-off versus Brad Richardson in neutral zone.
18:47 of 2nd period - Wrist shot by Yanni Gourde.
18:47 of 2nd period - Stopped by Chet Pickard without a rebound.
18:48 of 2nd period - Ryan Nugent-Hopkins wins face-off versus Brad Richardson in Capitals zone.
19:13 of 2nd period - Slapshot by Jujhar Khaira.
19:13 of 2nd period - Stopped by James Reimer with a rebound.
19:15 of 2nd period - Snap shot by Alexei Marchenko.
19:15 of 2nd period - Stopped by James Reimer without a rebound.
19:16 of 2nd period - Sergey Kalinin wins face-off versus Jussi Jokinen in Oilers zone.
19:19 of 2nd period - Slapshot by Wayne Simmonds.
19:19 of 2nd period - Stopped by James Reimer with a rebound.
19:45 of 2nd period - Snap shot by Connor McDavid.
19:45 of 2nd period - Stopped by Chet Pickard without a rebound.
19:46 of 2nd period - Cody Hodgson wins face-off versus Ryan Nugent-Hopkins in Capitals zone.
Goals for this period are 4 for Capitals vs 1 for Oilers.
Shots for this period are 21 for Capitals vs 12 for Oilers.

3rd period


0:01 of 3rd period - Evander Kane wins face-off versus Cody Hodgson in neutral zone.
0:26 of 3rd period - Jake Gardiner is hit by Alexander Radulov and loses puck.
0:59 of 3rd period - Wrist shot by Alex Galchenyuk.
0:59 of 3rd period - Shot Blocked by Alexei Marchenko.
1:01 of 3rd period - Snap shot by Tyler Toffoli.
1:01 of 3rd period - Shot Misses the Net.
1:03 of 3rd period - Slapshot by Ryan Nugent-Hopkins.
1:03 of 3rd period - Stopped by Chet Pickard with a rebound.
1:15 of 3rd period - Slapshot by Jujhar Khaira.
1:15 of 3rd period - Stopped by James Reimer without a rebound.
1:16 of 3rd period - Sergey Kalinin wins face-off versus Leon Draisaitl in Oilers zone.
1:41 of 3rd period - Slapshot by Rasmus Ristolainen.
1:41 of 3rd period - Deflect By Nail Yakupov.
1:41 of 3rd period - Shot Misses the Net.
1:41 of 3rd period - Puck is out of play.
1:42 of 3rd period - Connor McDavid wins face-off versus Cody Hodgson in Capitals zone.
1:43 of 3rd period - Snap shot by Jussi Jokinen.
1:43 of 3rd period - Stopped by Chet Pickard with a rebound.
1:45 of 3rd period - Snap shot by Evander Kane.
1:45 of 3rd period - Shot Blocked by Jared Spurgeon.
2:09 of 3rd period - Tobias Enstrom is hit by Brad Richardson and loses puck.
2:50 of 3rd period - Wrist shot by Connor McDavid.
2:50 of 3rd period - Shot Blocked by Trevor Daley.
2:52 of 3rd period - Wrist shot by Connor McDavid.
2:52 of 3rd period - Stopped by Chet Pickard without a rebound.
2:53 of 3rd period - Cody Hodgson wins face-off versus Ryan Nugent-Hopkins in Capitals zone.
3:25 of 3rd period - Off-side.
3:26 of 3rd period - Maxim Lapierre wins face-off versus Logan Couture in neutral zone.
3:29 of 3rd period - Snap shot by Rasmus Ristolainen.
3:29 of 3rd period - Stopped by Chet Pickard without a rebound.
3:30 of 3rd period - Maxim Lapierre wins face-off versus Logan Couture in Capitals zone.
3:37 of 3rd period - Wrist shot by Leon Draisaitl.
3:37 of 3rd period - Stopped by Chet Pickard without a rebound.
3:38 of 3rd period - Evander Kane wins face-off versus Cody Hodgson in Capitals zone.
3:43 of 3rd period - Wrist shot by Connor McDavid.
3:43 of 3rd period - Shot Misses the Net.
4:18 of 3rd period - Off-side.
4:19 of 3rd period - Connor McDavid wins face-off versus Logan Couture in neutral zone.
4:21 of 3rd period - Minor Penalty to Evander Kane for Hooking.
4:22 of 3rd period - Connor McDavid wins face-off versus Cody Hodgson in Oilers zone.
5:51 of 3rd period - Cam Barker is hit by Nikita Zaitsev and loses puck.
6:18 of 3rd period - Maxim Lapierre is hit by Logan Couture and loses puck.
6:21 of 3rd period - Penalty to Evander Kane is over, Evander Kane is back on ice.
6:34 of 3rd period - Maxim Lapierre is hit by Trevor Daley and loses puck.
6:49 of 3rd period - Snap shot by Leon Draisaitl.
6:49 of 3rd period - Stopped by Chet Pickard with a rebound.
6:51 of 3rd period - Slapshot by Jake Gardiner.
6:51 of 3rd period - Shot Misses the Net.
7:41 of 3rd period - Wrist shot by Patrick Kane.
7:41 of 3rd period - Stopped by James Reimer without a rebound.
7:42 of 3rd period - Sergey Kalinin wins face-off versus Ryan Nugent-Hopkins in Oilers zone.
8:07 of 3rd period - Brad Richardson is hit by Ted Purcell and loses puck.
8:20 of 3rd period - Snap shot by Yanni Gourde.
8:20 of 3rd period - Goal by Yanni Gourde - Capitals : 5 - Oilers : 2.
8:21 of 3rd period - Ryan Nugent-Hopkins wins face-off versus Sergey Kalinin in neutral zone.
8:35 of 3rd period - Slapshot by Wayne Simmonds.
8:35 of 3rd period - Stopped by James Reimer with a rebound.
8:37 of 3rd period - Slapshot by Victor Hedman.
8:37 of 3rd period - Stopped by James Reimer without a rebound.
8:38 of 3rd period - Evander Kane wins face-off versus Alexander Radulov in Oilers zone.
8:49 of 3rd period - Snap shot by Jussi Jokinen.
8:49 of 3rd period - Shot Misses the Net.
8:51 of 3rd period - Snap shot by Evander Kane.
8:51 of 3rd period - Deflect By Connor McDavid.
8:51 of 3rd period - Goal by Connor McDavid - Capitals : 5 - Oilers : 3.
8:52 of 3rd period - Connor McDavid wins face-off versus Cody Hodgson in neutral zone.
9:01 of 3rd period - Evander Kane is hit by Joe Thornton and loses puck.
9:34 of 3rd period - Slapshot by Alex Galchenyuk.
9:34 of 3rd period - Shot Blocked by Jason Spezza.
9:46 of 3rd period - Slapshot by Trevor Daley.
9:46 of 3rd period - Shot Misses the Net.
9:48 of 3rd period - Snap shot by Trevor Daley.
9:48 of 3rd period - Shot Blocked by Rasmus Ristolainen.
9:50 of 3rd period - Wrist shot by Sergey Kalinin.
9:50 of 3rd period - Shot Blocked by Nail Yakupov.
10:36 of 3rd period - Snap shot by Joe Thornton.
10:36 of 3rd period - Shot Blocked by Evander Kane.
11:14 of 3rd period - Snap shot by Wayne Simmonds.
11:14 of 3rd period - Stopped by James Reimer without a rebound.
11:15 of 3rd period - Cody Hodgson wins face-off versus Connor McDavid in Oilers zone.
11:18 of 3rd period - Wrist shot by Patrick Kane.
11:18 of 3rd period - Stopped by James Reimer without a rebound.
11:19 of 3rd period - Connor McDavid wins face-off versus Cody Hodgson in Oilers zone.
11:30 of 3rd period - Wrist shot by Connor McDavid.
11:30 of 3rd period - Stopped by Chet Pickard with a rebound.
12:32 of 3rd period - Snap shot by Yanni Gourde.
12:32 of 3rd period - Shot Misses the Net.
12:38 of 3rd period - Wrist shot by Sergey Kalinin.
12:38 of 3rd period - Stopped by James Reimer without a rebound.
12:39 of 3rd period - Connor McDavid wins face-off versus Cody Hodgson in Oilers zone.
12:44 of 3rd period - Cody Hodgson is hit by Darnell Nurse and loses puck.
13:05 of 3rd period - Alexei Marchenko is hit by Alex Galchenyuk and loses puck.
14:04 of 3rd period - Cody Hodgson is hit by Cam Barker and loses puck.
14:27 of 3rd period - Wrist shot by Patrick Kane.
14:27 of 3rd period - Stopped by James Reimer with a rebound.
14:49 of 3rd period - Wrist shot by Wayne Simmonds.
14:49 of 3rd period - Deflect By Jujhar Khaira.
14:49 of 3rd period - Shot Misses the Net.
14:49 of 3rd period - Puck is out of play.
14:50 of 3rd period - Sergey Kalinin wins face-off versus Connor McDavid in Oilers zone.
14:57 of 3rd period - Snap shot by Jujhar Khaira.
14:57 of 3rd period - Deflect By Wayne Simmonds.
14:57 of 3rd period - Stopped by James Reimer with a rebound.
16:27 of 3rd period - Wayne Simmonds is hit by Connor McDavid and loses puck.
16:35 of 3rd period - Off-side.
16:36 of 3rd period - Maxim Lapierre wins face-off versus Brad Richardson in neutral zone.
16:44 of 3rd period - Slapshot by Trevor Daley.
16:44 of 3rd period - Deflect By Alexander Radulov.
16:44 of 3rd period - Deflect By Leon Draisaitl.
16:44 of 3rd period - Shot Blocked by Duncan Keith.
16:44 of 3rd period - Puck is out of play.
16:45 of 3rd period - Patrick Sharp wins face-off versus Maxim Lapierre in Oilers zone.
17:16 of 3rd period - Duncan Keith is hit by Trevor Daley and loses puck.
17:35 of 3rd period - Snap shot by Alex Galchenyuk.
17:35 of 3rd period - Shot Misses the Net.
17:57 of 3rd period - Slapshot by Jake Gardiner.
17:57 of 3rd period - Stopped by Chet Pickard without a rebound.
17:58 of 3rd period - Maxim Lapierre wins face-off versus Jujhar Khaira in Capitals zone.
18:20 of 3rd period - Minor Penalty to Wayne Simmonds for Holding.
18:21 of 3rd period - Logan Couture wins face-off versus Connor McDavid in Capitals zone.
19:18 of 3rd period - Darnell Nurse is hit by Cameron Gaunce and loses puck.
19:53 of 3rd period - Leon Draisaitl is hit by Cody Hodgson.
Goals for this period are 0 for Capitals vs 2 for Oilers.
Shots for this period are 9 for Capitals vs 10 for Oilers.